 Dungeon Crawl Stone Soup version 0.27-a0-797-g27d10ad80f (webtiles) character file.

Game seed: 2943992120910604736

199 inqbanana the Chopper (level 5, -1/47 HPs)
             Began as a Hill Orc Fighter on Mar 22, 2021.
             Slain by an ogre
             ... wielding a +0 giant club
              (8 damage)
             ... on level 2 of the Dungeon on Mar 27, 2021.
             The game lasted 00:01:11 (919 turns).

inqbanana the Chopper (Hill Orc Fighter)             Turns: 919, Time: 00:01:12

Health: -1/47      AC:  8    Str: 19    XL:     5   Next: 77%
Magic:  5/5        EV:  7    Int:  8    God:
Gold:   30         SH:  9    Dex: 11    Spells: 4/4 levels left

rFire    . . .     SeeInvis .   a - +0 war axe
rCold    . . .     Faith    .   c - +0 kite shield
rNeg     . . .     Spirit   .   b - +0 scale mail
rPois    .         Reflect  .   (no helmet)
rElec    .         Harm     .   g - +0 cloak
rCorr    .         Rampage  .   (no gloves)
Will     .....                  (no boots)
Stlth    ..........             (no amulet)
HPRegen  0.15/turn              (no ring)
MPRegen  0.09/turn              (no ring)

@: no status effects
A: no striking features
a: no special abilities


You were on level 2 of the Dungeon.
You visited 1 branch of the dungeon, and saw 2 of its levels.

You collected 30 gold pieces.

Inventory:

Hand Weapons
 a - a +0 war axe (weapon)
Armour
 b - a +0 scale mail (worn)
 c - a +0 kite shield (worn)
 g - a +0 cloak (worn)
Scrolls
 f - 2 scrolls of teleportation {unknown}
Potions
 d - a potion of might
 e - a potion of curing {unknown}


   Skills:
 + Level 4.5 Fighting
 * Level 5.0 Axes
 + Level 4.1 Armour
 + Level 1.1 Dodging
 + Level 4.1 Shields


You had 4 spell levels left.
You didn't know any spells.
Your spell library was empty.

Dungeon Overview and Level Annotations

Branches:
Dungeon (2/15)

Altars:


Message History

Your Shields skill increases to level 4!
You have reached level 4!
You have reached level 5!
You feel stronger.
Things that are here:
a +0 scythe; a +0 robe; the human corpse of Sigmund A quokka comes into view.
A quokka is nearby!
You slash the quokka!
You kill the quokka!
No target in view!
No target in view!
You feel a little less mighty now.
HP restored.
You see here a quokka corpse.
f - 2 scrolls labelled JURUAS GOCZEO (gained 1) Key pressed, stopping explore.
An ogre comes into view. It is wielding a +0 giant club.
An ogre is nearby!
The ogre shouts!
The ogre hits you with a +0 giant club.
You barely miss the ogre. You slash the plant!
The plant begins to die.
The ogre hits you with a +0 giant club! x2
You slash the ogre!
The ogre is moderately wounded.
You hit the plant. The ogre hits you with a +0 giant club!
* * * LOW HITPOINT WARNING * * *
Your shield prevents you from hitting the ogre.
The ogre is moderately wounded.
You hit the plant.
A nearby plant withers and dies.
The ogre hits you with a +0 giant club.
* * * LOW HITPOINT WARNING * * *
You block the ogre's attack.
You hit the ogre but do no damage.
The ogre is moderately wounded.
The ogre barely misses you.
You slash the ogre!
The ogre is almost dead.
The ogre hits you with a +0 giant club!
You die...

♣♣ ♣.♣ ♣.♣ ♣.♣
♣♣♣O♣ ♣.@♣ ♣
♣..♣♣ #♣. #...♣#
#.♣ #.#..# #.# #+
#....# #.# #.
###.## #.#
#######.
#.####.###...†...
#........).####..
###.##<##÷.# #...


You could see an ogre.

Vanquished Creatures
  Sigmund (D:2)
  An endoplasm (D:1)
  A gnoll (D:1)
  A bat (D:2)
  A ghost (D:1)
  A giant cockroach (D:1)
  A goblin (D:1)
  A hobgoblin (D:1)
  2 jackals (D:1)
  3 kobolds (D:1)
  2 quokkas
  2 rats (D:1)
17 creatures vanquished.

Vanquished Creatures (others)
  4 plants (D:2)
4 creatures vanquished.

Grand Total: 21 creatures vanquished

Notes
Turn   | Place    | Note
-------+----------+-------------------------------------------
     0 | D:1      | inqbanana the Hill Orc Fighter began the quest for the Orb.
     0 | D:1      | Reached XP level 1. HP: 19/19 MP: 1/1
     0 | D:1      | Upgraded the game from 0.27-a0-695-gb4952372f7 to
                  | 0.27-a0-797-g27d10ad80f
    67 | D:1      | Reached skill level 3 in Axes
    67 | D:1      | Reached XP level 2. HP: 15/27 MP: 2/2
   448 | D:1      | Reached XP level 3. HP: 33/33 MP: 3/3
   686 | D:2      | Noticed Sigmund
   698 | D:2      | Killed Sigmund
   699 | D:2      | Reached skill level 5 in Axes
   699 | D:2      | Reached skill level 1 in Dodging
   699 | D:2      | Reached XP level 4. HP: 25/41 MP: 4/4
   699 | D:2      | Reached XP level 5. HP: 29/47 MP: 5/5
   913 | D:2      | Noticed an ogre
   919 | D:2      | Slain by an ogre

Illustrated notes

Levels and vault maps discovered:
D:1:      lemuel_arrival_broad_hall, layout_basic
D:2:      wad_woods_pond, layout_loops_corners, lightli_temple_of_fire,
          general_overflow_altar, serial_shops, nicolae_shop_waterfront,
          chequers_ecumenical_altar_twisty, uniq_jessica,
          uniq_crazy_yiuf_cottage, uniq_sigmund

Skill      XL: |  1  2  3 |
---------------+----------+-----
Axes           | 3 5 |  5.0
Fighting       | 4 |  4.5
Armour         | 4 |  4.1
Dodging        | 1 |  1.1
Shields        | 4 |  4.1

Action                   |  1- 3 |  4- 6 || total
-------------------------+-------+-------++-------
Melee: War axe           |    46 |     6 ||    52
  Use: Potion            |     1 |       ||     1
Armor: Scale mail        |    25 |       ||    25
Dodge: Dodged            |    11 |     1 ||    12
Block: Kite shield       |    31 |     1 ||    32

Table legend: (Time is in decaauts)
 A = Elapsed time spent in this place.
 B = Non-inter-level travel time spent in this place.
 C = Inter-level travel time spent in this place.
 D = Time resting spent in this place.
 E = Time spent auto-exploring this place.
 F = Levels seen in this place.
 G = Mean time per level.
                   A        B        C        D        E       F      G
               +--------+--------+--------+--------+--------+-----+--------+
         Total |    946 |    936 |     10 |    232 |    564 |   2 |  473.0 |
       Dungeon |    946 |    936 |     10 |    232 |    564 |   2 |  473.0 |
               +--------+--------+--------+--------+--------+-----+--------+

Top non-repeatable levels by time:
     D:1: 705 daAuts
     D:2: 241 daAuts
